 Dungeon Crawl Stone Soup version 0.19-a0-1457-g32fba05 (console) character file.

577 flowsnake the Chopper (level 7, -2/57 HPs)
             Began as a Hill Orc Fighter on Sept 6, 2016.
             Was an Initiate of Beogh.
             Slain by an orc warrior
             ... wielding a +0 battleaxe
              (18 damage)
             ... on level 6 of the Dungeon.
             The game lasted 00:10:29 (4890 turns).

flowsnake the Chopper (Hill Orc Fighter)            Turns: 4890, Time: 00:10:30

Health: -2/57      AC:  9    Str: 20    XL:     7   Next: 35%
Magic:  8/8        EV:  8    Int: 11    God:    Beogh [......]
Gold:   350        SH: 10    Dex: 10    Spells: 0 memorised, 6 levels left

rFire  . . .     SeeInvis .     a - +0 war axe
rCold  . . .     Gourm    .     r - +3 ring mail
rNeg   . . .     Faith    .     c - +0 shield
rPois  .         Spirit   .     (no helmet)
rElec  .         Dismiss  .     (no cloak)
rCorr  .         Reflect  .     (no gloves)
MR     .....     Harm     .     g - +0 pair of boots
Stlth  ..........               H - amulet of rage
                                (no ring)
                                A - +2 ring of intelligence

@: drained
A: no striking features
a: Renounce Religion, Evoke Berserk Rage


You were on level 6 of the Dungeon.
You worshipped Beogh.
Beogh was noncommittal.
You were not hungry.

You visited 1 branch of the dungeon, and saw 6 of its levels.

You collected 350 gold pieces.

Inventory:

Hand Weapons
 a - a +0 war axe (weapon)
Armour
 b - a +0 scale mail
 c - a +0 shield (worn)
 g - a +0 pair of boots (worn)
 r - a +3 ring mail (worn)
Jewellery
 A - a +2 ring of intelligence (left hand)
 H - an amulet of rage (around neck)
Wands
 y - a wand of random effects (29/48)
 z - a wand of slowing (31/48)
Scrolls
 e - a scroll of enchant weapon {unknown}
 k - a scroll of blinking
 l - a scroll of fog {unknown}
 n - a scroll of recharging {unknown}
 p - a scroll of remove curse {unknown}
 q - a scroll of fear {unknown}
 s - a scroll of amnesia {unknown}
 x - a scroll of teleportation {unknown}
 C - a scroll of magic mapping {unknown}
Potions
 d - a potion of might
 j - 2 potions of heal wounds
 m - 3 potions of brilliance
 o - a potion of invisibility
 t - a potion of degeneration
 u - a potion of cancellation {unknown}
 v - a potion of magic {unknown}
 w - a potion of cure mutation {unknown}
 D - a potion of lignification {unknown}
 E - a potion of flight {unknown}
 F - a potion of curing {unknown}
Comestibles
 f - a bread ration
 h - 2 fruits
 i - 6 meat rations
 B - a royal jelly


   Skills:
 - Level 3.6(3.5) Fighting
 + Level 7.2 Axes
 - Level 3.2 Armour
 + Level 6.6(6.5) Shields
 + Level 1.5(1.4) Evocations


You had 6 spell levels left.
You didn't know any spells.

Dungeon Overview and Level Annotations

Branches:
Dungeon (6/15)
 Temple: D:4-7

Altars:
Ashenzari


Message History

The orc warrior zaps a wand.
You resist with some effort.
You closely miss the orc warrior.
The orc warrior is moderately wounded.
You block the orc warrior's attack.
You hit the orc warrior but do no damage.
The orc warrior is moderately wounded.
The orc warrior zaps a wand.
You resist with some effort.
You hit the orc warrior but do no damage.
The orc warrior is moderately wounded.
You block the orc warrior's attack.
Your shield prevents you from hitting the orc warrior.
The orc warrior is moderately wounded.
The orc warrior zaps a wand.
You resist with some effort.
You closely miss the orc warrior.
The orc warrior is moderately wounded.
The orc warrior zaps a wand.
You resist with some effort.
You closely miss the orc warrior.
The orc warrior is moderately wounded.
The orc warrior hits you with a battleaxe!!
You die...

··█ █·█ █·█ █ █·█ █
████████████·█ █·████ ·█
·············███·██·██·████
███··█·█·█████·········$·█
█···███·████·?······██·█
█··██ ██··············)··
█·█·█ █·······>··)·······
█·██(█·█·███·██·o)█··█·██
█·█ █··█·█ █·███o██·█··█
█·█ █)···········█ ███·█
████████·█ ·····███·██···
█·· █····>···██····██
█······· ██
█·██████·██····█ █·██··██·
█·█ █·······██ █··█ █· █·█
█·███···· ···█ ██ █·█
█········· █·██ █·█ █·██
█···█ █·█ █·█ █··█ █·█ █·█
█·)█ █·█ █·█ █··█ █·█████·█
█·)███████·█ █····██·█
█··<·)·····█ ██████·██·█
█·██████████


You could see an orc warrior.

Vanquished Creatures
  An ice beast (D:5)
  An ogre (D:6)
  A necrophage (D:3)
  2 wights (D:6)
  A hound (D:4)
  An iguana (D:5)
  A worker ant (D:5)
  A worker ant zombie (D:5)
  A gnoll (D:1)
  3 adders
  An adder skeleton (D:5)
  3 worms
  3 dart slugs
  2 giant geckos
  8 orcs
  A ball python (D:1)
  2 giant cockroaches
  11 goblins
  7 hobgoblins
  3 jackals (D:4)
  A quokka (D:3)
  6 bats (D:2)
  A giant gecko skeleton (D:6)
  3 giant newts
  8 kobolds
  4 rats
77 creatures vanquished.

Vanquished Creatures (others)
  An adder (D:3)
  An orc (D:3)
  A bat (D:3)
3 creatures vanquished.

Grand Total: 80 creatures vanquished

Notes
Turn   | Place    | Note
-------+----------+-------------------------------------------
     0 | D:1      | flowsnake the Hill Orc Fighter began the quest for the Orb.
     0 | D:1      | Reached XP level 1. HP: 19/19 MP: 1/1
    90 | D:1      | Reached skill level 3 in Axes
   343 | D:1      | Reached XP level 2. HP: 24/26 MP: 2/2
   567 | D:1      | Reached XP level 3. HP: 24/31 MP: 3/3
  1337 | D:2      | Reached skill level 4 in Axes
  1574 | D:2      | Reached XP level 4. HP: 38/39 MP: 4/4
  1842 | D:3      | Became a worshipper of Beogh the Brigand
  1966 | D:3      | Found a shattered altar of Ashenzari.
  2010 | D:3      | Noticed a necrophage
  2024 | D:3      | Killed a necrophage
  2024 | D:3      | Reached skill level 5 in Axes
  2024 | D:3      | Reached skill level 5 in Shields
  2024 | D:3      | Reached XP level 5. HP: 45/45 MP: 5/5
  3008 | D:4      | Reached XP level 6. HP: 47/51 MP: 6/6
  3550 | D:5      | Entered Level 5 of the Dungeon
  3764 | D:5      | Reached skill level 6 in Axes
  3961 | D:5      | Noticed an ice beast
  3968 | D:5      | Killed an ice beast
  4471 | D:6      | Reached skill level 1 in Evocations
  4471 | D:6      | Reached XP level 7. HP: 24/57 MP: 7/7
  4648 | D:6      | Reached skill level 7 in Axes
  4890 | D:6      | Slain by an orc warrior

Vault maps used:
D:1:      erik_arrival_cave_to_civilisation
D:3:      overflow_temple_1_default, grunt_ministairs_5, grunt_decor_clamped
D:5:      lightli_sewer_entry_pipes, first_bread, minmay_misc_feat_nine_boxes
D:6:      overflow_temple_1_default

Skill      XL: |  1  2  3  4  5  6  7 |
---------------+----------------------+-----
Axes           | 3 4 5 6 7 |  7.2
Shields        | 4 5 6 |  6.6
Evocations     | 1 |  1.5
Fighting       | |  3.6
Armour         | |  3.2

Action                   |  1- 3 |  4- 6 |  7- 9 || total
-------------------------+-------+-------+-------++-------
Melee: War axe           |   102 |   139 |    39 ||   280
Invok: Convert to Beogh  |       |     1 |       ||     1
  Use: Scroll            |       |     5 |       ||     5
  Eat: Chunk             |     2 |     9 |       ||    11
       Bread ration      |       |       |     1 ||     1
Armor: Scale mail        |    33 |       |       ||    33
       Ring mail         |    11 |    37 |     4 ||    52
Dodge: Dodged            |    24 |    31 |    13 ||    68
Block: Shield            |    60 |    68 |    19 ||   147
